 Dungeon Crawl Stone Soup version 0.32-a0-876-gcfddb08e57 (webtiles) character file.

Game seed: 4454026257499124617

193280 jestert79 the Marksgoblin (level 18, -7/153 HPs)
             Began as a Coglin Hunter on Apr 1, 2024.
             Was the Champion of Okawaru.
             Mangled by a hornet (10 damage)
             ... created by a shambling mangrove
             ... while paralysed by a hornet
             ... on level 1 of the Swamp.
             The game lasted 01:36:21 (31753 turns).

jestert79 the Marksgoblin (Coglin Hunter)          Turns: 31753, Time: 01:36:21

Health: -7/153     AC: 13    Str: 12    XL:     18   Next: 26%
Magic:  8/8        EV:  2    Int: 11    God:    Okawaru [******]
Gold:   628        SH:  0    Dex: 25    Spells: 17/17 levels left

rFire   + + .        G - +2 hand cannon (freeze) {Yvonne}
rCold   + + .        d - +1 hand cannon (antimagic) {Hans}
rNeg    . . .        u - +3 leather armour {rPois}
rPois   +            R - +2 helmet {SInv}
rElec   +            I - scarf {rC+ rF+}
rCorr   .            S - +2 pair of gloves {infuse}
SInv    +            a - +0 pair of boots of Niemoo {Rampage rC+ Int+2}
Will    +....        (amulet unavailable)
Stlth   ++           (ring unavailable)
HPRegen 0.45/turn    (ring unavailable)
MPRegen 0.11/turn    M - emergency actuator {rElec rF+ Clar RMsl}

%: repel missiles, clarity, rampage, infuse magic (1 MP)
@: paralysed, lethally poisoned (-7 -> -25), slowed, studying Fighting, revved
A: off-hand wielding, slow wielding, warmup strikes, no jewellery
}: 1/15 runes: serpentine
a: Renounce Religion, Heroism, Finesse, Duel


You were on level 1 of the Swamp.
You worshipped Okawaru.
Okawaru was exalted by your worship.
You visited 6 branches of the dungeon, and saw 28 of its levels.
You also visited: Sewer and Gauntlet.

You collected 3112 gold pieces.
You spent 2484 gold pieces at shops.

Inventory:

Hand Weapons
 d - a +1 antimagic hand cannon (offhand) {Hans}
 G - a +2 hand cannon of freezing (weapon) {Yvonne}
Missiles
 v - 36 poisoned darts
 y - 4 throwing nets
Armour
 a - the +0 pair of boots of Niemoo (worn) {Rampage rC+ Int+2}
   (You found it in a Gauntlet)

   Int+2:     It affects your intelligence (+2).
   rC+:       It protects you from cold.
   Rampage:   It bestows one free step when moving towards enemies.
 u - a +3 leather armour of poison resistance (worn)
 I - a scarf of resistance (worn)
 R - a +2 helmet of see invisible (worn)
 S - a +2 pair of gloves of infusion (worn)
Gizmo
 M - an emergency actuator (installed) {rElec rF+ Clar RMsl}
   (You invented it yourself on level 4 of the Lair of Beasts)

   [emergency actuator]

   rF+:       It protects you from fire.
   rElec:     It insulates you from electricity.
   Clar:      It protects you from confusion, rage, mesmerisation and fear.
   RMsl:      It protects you from missiles.
Wands
 c - a wand of polymorph (19)
 p - a wand of digging (5)
 r - a wand of paralysis (21)
 x - a wand of flame (7)
 D - a wand of mindburst (21)
 K - a wand of iceblast (22)
 N - a wand of quicksilver (20)
Scrolls
 i - 13 scrolls of teleportation
 q - 7 scrolls of vulnerability
 t - 3 scrolls of blinking
 w - 3 scrolls of revelation
 A - 8 scrolls of enchant armour
 E - 6 scrolls of amnesia
 H - 2 scrolls of poison
 O - 2 scrolls of fog
 P - 3 scrolls of fear
 T - 4 scrolls of immolation
Potions
 b - 2 potions of mutation
 e - 4 potions of berserk rage
 f - 4 potions of enlightenment
 g - 5 potions of haste
 h - 4 potions of brilliance
 j - 2 potions of invisibility
 k - 7 potions of heal wounds
 m - 12 potions of curing
 n - 10 potions of lignification
 o - 2 potions of resistance
 s - 3 potions of cancellation
 z - 6 potions of attraction
 B - 2 potions of magic
 F - 4 potions of ambrosia
 J - 4 potions of might
Miscellaneous
 C - a lightning rod (4/4)
 L - a condenser vane
 Q - a Gell's gravitambourine (2/2)


   Skills:
 + Level 16.5 Fighting
 - Level 18.0 Ranged Weapons
 + Level 14.8 Dodging
 - Level 0.7 Stealth
 + Level 8.1 Invocations
 - Level 14.0 Evocations


You had 17 spell levels left.
You didn't know any spells.
Your spell library contained the following spells:

 Spells                   Type           Power      Damage    Failure   Level
 Apportation              Tloc           0%         N/A       41%         1
 Freeze                   Ice            0%         1d3       41%         1
 Slow                     Hex            0%         N/A       41%         1
 Sting                    Conj/Alch      0%         1d3       41%         1
 Cigotuvi's Dreadful Rot  Necr/Alch/Air  0%         N/A       56%         2
 Ensorcelled Hibernation  Hex/Ice        0%         N/A       56%         2
 Jinxbite                 Hex            0%         N/A       56%         2
 Lesser Beckoning         Tloc           0%         N/A       56%         2
 Mercury Vapours          Alch/Air       0%         N/A       56%         2
 Scorch                   Fire           0%         2d5       56%         2
 Confusing Touch          Hex            0%         N/A       80%         3
 Dazzling Flash           Conj/Hex       0%         N/A       80%         3
 Frozen Ramparts          Ice            0%         1d1       80%         3
 Fugue of the Fallen      Necr           0%         N/A       80%         3
 Hailstorm                Conj/Ice       0%         3d5       80%         3
 Inner Flame              Hex/Fire       0%         N/A       80%         3
 Mephitic Cloud           Conj/Alch/Air  0%         N/A       80%         3
 Passwall                 Erth           0%         N/A       80%         3
 Swiftness                Air            0%         N/A       80%         3
 Teleport Other           Tloc           0%         N/A       80%         3
 Vampiric Draining        Necr           0%         2d6       80%         3
 Volatile Blastmotes      Fire/Tloc      0%         2d10      80%         3
 Anguish                  Hex/Necr       0%         N/A       99%         4
 Dispel Undead            Necr           0%         3d6       99%         4
 Flame Wave               Conj/Fire      0%         2d4       99%         4
 Fulminant Prism          Conj/Alch      0%         3d5       99%         4
 Ignite Poison            Fire/Alch      0%         N/A       99%         4
 Iskenderun's Mystic Bla Conj/Tloc 0%             2d3        (+2d1     99%         4
 Leda's Liquefaction      Alch/Erth      0%         N/A       99%         4
 Maxwell's Portable Pile  Tloc           0%         2d(5-10)  99%         4
 Olgreb's Toxic Radiance  Alch           0%         N/A       99%         4
 Petrify                  Alch/Erth      0%         N/A       99%         4
 Sticky Flame             Fire/Alch      0%         2d4       99%         4
 Alistair's Intoxication  Alch           0%         N/A       100%        5
 Arcjolt                  Conj/Air       0%         1d10      100%        5
 Freezing Cloud           Conj/Ice/Air   0%         6-21      100%        5
 Metabolic Englaciation   Hex/Ice        0%         N/A       100%        5
 Starburst                Conj/Fire      0%         6d3       100%        6
 Ozocubu's Refrigeration  Ice            0%         4d7       100%        7
 Ignition                 Fire           0%         3d3       100%        8
 Maxwell's Capacitive Co  Air            0%         ∞         100%        8
 Polar Vortex             Ice            0%         N/A       100%        9
 Martyr's Knell           Necr/Summ      Unusable   N/A       N/A         4
 Sculpt Simulacrum        Ice/Alch       Unusable   N/A       N/A         6

Dungeon Overview and Level Annotations

Branches:
Dungeon (15/15)            Temple (1/1) D:7            Lair (5/5) D:10
  Swamp (1/4) Lair:3        Snake (4/4) Lair:3        Slime (0/5) Lair:5
    Orc (2/2) D:11            Elf (0/3) Orc:2        Vaults (0/5) D:13
 Depths (0/4) D:15          Sewer (visited)         Gauntlet (visited)

Altars:
Ashenzari
Cheibriados
Dithmenos
Elyvilon
Fedhas
Gozag
Hepliaklqana
Kikubaaqudgha
Makhleb
Nemelex Xobeh
Okawaru
Qazlal
Ru
Sif Muna
Trog
Uskayaw
Vehumet
Wu Jian
Xom
Yredelemnul
Zin
The Shining One
Beogh
Jiyva

Shops:
D:2 [   D:3 *   D:6 *   D:11 (   D:13 [   Orc:2 ([*=   Snake:4 *

Annotations:
D:8 3 runed translucent doors, exclusion: two-headed ogre, Scrimshaw's ghost, novice CoHs
D:10 Harold
D:12 3 runed translucent doors, Usettel's ghost, journeyman MDNe
D:15 1 runed translucent door, exclusion: orange crystal statue
Lair:1 exclusion: plant
Lair:3 2 transporters, bigdog255's ghost, journeyman DsSu


Innate Abilities, Weirdness & Mutations

You can wield a second weapon in your off-hand.
It takes a long time for you to wield or remove held weapons.
Your first few attacks do less damage.
You cannot equip rings or amulets.


Message History

You destroy the shambling mangrove!
Okawaru accepts your kill.
You shoot a slug. The spriggan rider misses you.
The hornet completely misses you. The hornet misses you.
The hornet completely misses you.
Unknown command.
The hornet stings you but does no damage.
The hornet stings you!
You are poisoned.
You suddenly lose the ability to move!
You stop ascending the stairs.
The hornet stings you!
You are more poisoned.
The spriggan rider hits you from afar with a +0 spear!!
The hornet stings you!
You are more poisoned.
The hornet stings you but does no damage.
The hornet stings you.
You feel yourself slow down.
You feel extremely sick.
The spriggan rider hits you from afar with a +0 spear!
* * * LOW HITPOINT WARNING * * *
The hornet stings you but does no damage.
The hornet stings you.
* * * LOW HITPOINT WARNING * * *
You feel as though you will be slow longer.
The hornet stings you but does no damage.
You feel very sick. The hornet stings you!
* * * LOW HITPOINT WARNING * * *
You feel as though you will be slow longer.
The hornet stings you!
* * * LOW HITPOINT WARNING * * *
You feel as though you will be slow longer.
The hornet barely misses you.
The spriggan rider hits you from afar with a +0 spear!
* * * LOW HITPOINT WARNING * * *
The hornet stings you but does no damage.
The hornet stings you.
* * * LOW HITPOINT WARNING * * *
The hornet stings you!
You die...

♣.~~......~~.[
~~.≈≈≈≈≈≈....
♣.≈≈≈≈≈≈≈....
♣.≈≈≈≈≈≈≈≈...
♣≈≈≈≈≈≈≈≈≈≈..
~♣♣≈≈≈≈≈≈≈≈≈≈..
...§.≈○≈≈≈≈≈≈.~
.~~~..y@y≈≈≈.~?
~~§~~.y..i≈.~~~
~~~~~~...♣~.~~~
~~~~~..... ..~~
~~......... ~..
~§~..~♣....~ ..
~~~..♣~....♣~ .
~~~.♣ ♣....♣..


You could see a spriggan rider and 3 hornets.

Vanquished Creatures
  Jorgrun (Orc:2)
  Gastronok (D:11)
  12 nagarajas
  2 frost giants (D:13)
  An orc warlord (Orc:2)
  An eleionoma (Lair:3)
  A minotaur (Gauntlet)
  A shambling mangrove (Swamp:1)
  2 rakshasas (D:15)
  An ice dragon (Lair:5)
  6 hydras
  4 salamander tyrants
  Erolcha (D:11)
  A catoblepas (D:13)
  5 anacondas
  4 two-headed ogres
  7 boulder beetles
  A death knight (D:13)
  2 centaur warriors
  An ogre mage (Orc:2)
  2 tengu warriors
  10 naga warriors
  6 shock serpents
  A thrashing horror (Gauntlet)
  An orc high priest (Orc:2)
  9 naga sharpshooters
  Nergalle (D:11)
  4 skysharks
  A deep elf knight (D:13)
  An iron troll (Lair:2)
  A skeletal warrior (D:13)
  7 salamander mystics
  A bog body (Lair:3)
  7 naga ritualists
  8 mana vipers
  A sea snake (Snake:2)
  2 lindwurms (Lair:5)
  2 necromancers
  2 arcanists (D:13)
  6 deep elf pyromancers
  8 orc knights
  A deep elf zephyrmancer (D:15)
  2 harpies
  3 manticores
  2 obsidian bats (Orc:1)
  An ugly thing (D:12)
  A wolf spider (Lair:5)
  4 orc sorcerers (Orc:2)
  32 elephants
  An oklob plant (Lair:3)
  10 salamanders
  Maurice (Orc:2)
  A centaur zombie (D:15)
  4 cyclopes
  4 kobold blastminers (Orc:2)
  31 black mambas
  15 guardian serpents
  An ice statue (Lair:2)
  20 cane toads
  21 naga magi
  Maggie (D:6)
  2 centaur skeletons (D:15)
  7 torpor snails
  4 rime drakes
  2 unseen horrors
  5 gargoyles
  11 komodo dragons
  A freezing wraith (Lair:2)
  A tengu conjurer (D:15)
  6 polar bears
  13 hornets
  4 trolls
  7 blink frogs
  5 tyrant leeches
  Grinder (D:5)
  A glass eye (Lair:5)
  A harpy skeleton (D:15)
  10 dream sheep (Lair:3)
  10 slime creatures
  3 shadows
  53 yaks
  2 water elementals (D:13)
  7 basilisks
  2 wargs (Orc:2)
  22 wyverns
  A fire elemental (Lair:4)
  A steam dragon (D:6)
  5 vampire mosquitoes
  3 redbacks (Lair:5)
  52 nagas
  3 small abominations (Gauntlet)
  25 water moccasins
  4 acid dragons
  A sky beast (D:8)
  A swamp drake (Lair:3)
  4 ice beasts
  26 orc warriors
  2 black bears
  A laughing skull (D:13)
  A tengu (shapeshifter) (D:15)
  10 ogres
  4 wolves
  3 phantoms
  9 centaurs
  3 kobold brigands
  18 bullfrogs
  A scorpion (D:6)
  4 wights (D:8)
  4 killer bees (D:11)
  2 howler monkeys
  10 electric eels
  A bombardier beetle (D:6)
  4 hounds
  3 gnoll boudas
  17 orc priests
  A jelly (D:4)
  5 iguanas
  2 sleepcaps (D:5)
  19 orc wizards
  13 hell rats
  Robin (D:2)
  15 gnolls
  13 adders
  A shadow imp (D:7)
  4 white imps
  2 ufetubi (D:5)
  8 dart slugs
  4 ribbon worms
  68 orcs
  7 endoplasms
  17 giant cockroaches
  17 goblins
  11 hobgoblins
  A jackal (D:1)
  2 quokkas
  8 ball pythons
  4 bats
  17 frilled lizards
  23 kobolds
  8 rats
966 creatures vanquished.

Vanquished Creatures (collateral kills)
  A redback (Lair:5)
1 creature vanquished.

Vanquished Creatures (others)
  A tengu conjurer (D:15)
1 creature vanquished.

Grand Total: 968 creatures vanquished

Notes
Turn   | Place    | Note
-------+----------+-------------------------------------------
     0 | D:1      | jestert79 the Coglin Hunter began the quest for the Orb.
     0 | D:1      | Reached XP level 1. HP: 16/16 MP: 1/1
   154 | D:1      | Reached skill level 4 in Ranged Weapons
   154 | D:1      | Reached XP level 2. HP: 22/22 MP: 2/2
   656 | D:1      | Reached XP level 3. HP: 27/27 MP: 3/3
  1043 | D:2      | Found a faded altar of an unknown god.
  1107 | D:2      | Reached skill level 5 in Ranged Weapons
  1158 | D:2      | Reached XP level 4. HP: 33/33 MP: 4/4
  1242 | D:2      | Found Radaefrevo's Armour Boutique.
  1257 | D:2      | Bought a +0 helmet for 49 gold pieces
  1360 | D:2      | Noticed Robin
  1376 | D:2      | Killed Robin
  1377 | D:2      | Reached XP level 5. HP: 38/38 MP: 5/5
  1647 | D:3      | Found Xelecabb's General Store.
  1659 | D:3      | Found a shadowy altar of Dithmenos.
  2019 | D:2      | Reached skill level 6 in Ranged Weapons
  2344 | D:4      | Found a glowing drain.
  2362 | D:4      | Reached XP level 6. HP: 42/44 MP: 6/6
  2369 | Sewer    | Entered a sewer
  2750 | Sewer    | Reached skill level 7 in Ranged Weapons
  3222 | D:4      | Reached XP level 7. HP: 46/50 MP: 7/7
  3549 | D:4      | Reached skill level 8 in Ranged Weapons
  3665 | D:4      | Got the Meditations on Transposed Ensorcelling
  3729 | D:5      | Entered Level 5 of the Dungeon
  3866 | D:5      | Noticed Grinder
  3869 | D:5      | Paralysed by Grinder for 2 turns
  3881 | D:5      | Killed Grinder
  3882 | D:5      | Reached XP level 8. HP: 56/56 MP: 8/8
  3932 | D:5      | Found a blossoming altar of Fedhas.
  4101 | D:5      | Reached skill level 9 in Ranged Weapons
  4765 | D:6      | Noticed Maggie
  4852 | D:6      | Found Pulac's Overcharged Wands.
  4954 | D:2      | Bought a +2 pair of gloves for 181 gold pieces
  5097 | D:6      | Reached skill level 1 in Evocations
  5389 | D:6      | Reached XP level 9. HP: 65/65 MP: 9/9
  5394 | D:6      | Found a stormy altar of Qazlal.
  5575 | D:6      | Killed Maggie
  5942 | D:7      | Found a staircase to the Ecumenical Temple.
  5947 | Temple   | Entered the Ecumenical Temple
  5958 | Temple   | Became a worshipper of Warmaster Okawaru
  6475 | D:7      | Identified the +2 robe of the Arcadian God {Harm rElec}
  6748 | D:7      | Reached skill level 5 in Fighting
  6758 | D:7      | Identified the +8 mace "Vausk" {vamp, rElec Str-2 Int+3}
  6860 | D:7      | Noticed a hornet
  6866 | D:7      | Killed a hornet
  6866 | D:7      | Reached * piety under Okawaru
  6867 | D:7      | Reached skill level 10 in Ranged Weapons
  6881 | D:7      | Reached skill level 5 in Evocations
  7252 | D:8      | Reached skill level 5 in Dodging
  7350 | D:8      | Noticed a two-headed ogre
  7385 | D:8      | Found a runed translucent gate.
  7386 | D:8      | Found a runed translucent gate.
  7387 | D:8      | Found a runed translucent gate.
  7387 | D:8      | Noticed Scrimshaw's ghost (novice CoHs)
  7393 | D:8      | Identified the +2 chain mail of Ykkemp {Rampage}
  7450 | D:8      | Reached ** piety under Okawaru
  7462 | D:8      | Reached XP level 10. HP: 75/76 MP: 10/10
  7465 | D:8      | Found a hazy altar of Hepliaklqana.
  7585 | D:8      | Reached *** piety under Okawaru
  7744 | D:8      | Reached skill level 1 in Invocations
  8158 | D:8      | Found a roughly hewn altar of Beogh.
  8315 | D:9      | Reached skill level 11 in Ranged Weapons
  8467 | D:9      | Reached **** piety under Okawaru
  8790 | D:9      | Found a shimmering blue altar of Sif Muna.
  8840 | D:9      | Found a glowing silver altar of Zin.
  8876 | D:9      | Identified the +9 hand axe "Ichal" {drain, Int+6 Dex+3}
  8878 | D:9      | Reached XP level 11. HP: 75/84 MP: 12/12
  9101 | D:10     | Entered Level 10 of the Dungeon
  9122 | D:10     | Noticed Harold
  9189 | D:10     | Noticed a boulder beetle
  9201 | D:10     | Killed a boulder beetle
  9302 | D:10     | Found a staircase to the Lair.
  9585 | D:10     | Reached ***** piety under Okawaru
 10113 | D:11     | Noticed Gastronok
 10129 | D:11     | Killed Gastronok
 10429 | D:11     | Noticed a manticore
 10440 | D:11     | Killed a manticore
 10865 | D:11     | Noticed Erolcha
 10875 | D:11     | Killed Erolcha
 10875 | D:11     | Received a gift from Okawaru
 10934 | D:11     | Noticed Nergalle
 10944 | D:11     | Noticed a boulder beetle
 10954 | D:11     | Killed Nergalle
 10976 | D:11     | Killed a boulder beetle
 11160 | D:11     | Found a staircase to the Orcish Mines.
 11162 | D:11     | Found Vitasofi's Weapon Boutique.
 11279 | Lair:1   | Entered Level 1 of the Lair of Beasts
 11466 | Lair:1   | Received a gift from Okawaru
 11467 | Lair:1   | Reached XP level 12. HP: 40/95 MP: 14/14
 11508 | Lair:1   | Reached skill level 12 in Ranged Weapons
 12394 | Lair:1   | Noticed a boulder beetle
 12415 | Lair:1   | Killed a boulder beetle
 12553 | Lair:2   | Reached ****** piety under Okawaru
 12554 | Lair:2   | Acquired a +0 hand cannon of freezing
 12554 | Lair:2   | Received a gift from Okawaru
 12572 | Lair:2   | Noticed a catoblepas
 12580 | Lair:2   | a catoblepas changed into an iron troll
 12580 | Lair:2   | Noticed an iron troll
 12618 | Lair:2   | Received a gift from Okawaru
 12624 | Lair:2   | Acquired the +0 pair of boots "Daloasm" {Harm Stlth+}
 12624 | Lair:2   | Received a gift from Okawaru
 12683 | Lair:2   | Reached skill level 10 in Fighting
 12839 | Lair:2   | Killed an iron troll
 12847 | Lair:2   | Reached skill level 13 in Ranged Weapons
 12999 | Lair:2   | Found a dark tunnel.
 13038 | Lair:2   | Reached XP level 13. HP: 104/104 MP: 15/15
 13130 | Lair:2   | Received a gift from Okawaru
 13686 | Lair:3   | Found a staircase to the Snake Pit.
 13818 | Lair:3   | Reached skill level 10 in Dodging
 14181 | Lair:3   | Found a transporter.
 14185 | Lair:3   | Found a transporter.
 14255 | Lair:3   | Reached skill level 14 in Ranged Weapons
 14486 | Lair:3   | Received a gift from Okawaru
 14605 | Lair:3   | Found a staircase to the Swamp.
 14738 | Lair:3   | Noticed bigdog255's ghost (journeyman DsSu)
 15104 | Snake:1  | Entered Level 1 of the Snake Pit
 15173 | Lair:4   | Received a gift from Okawaru
 15658 | Lair:4   | Reached XP level 14. HP: 114/114 MP: 16/16
 15658 | Lair:4   | Acquired an emergency actuator {rElec rF+ Clar RMsl}
 15750 | Lair:4   | Reached skill level 15 in Ranged Weapons
 15755 | Lair:4   | Received a gift from Okawaru
 16550 | Lair:5   | Entered Level 5 of the Lair of Beasts
 16934 | Lair:5   | Received a gift from Okawaru
 17265 | Lair:5   | Reached skill level 16 in Ranged Weapons
 17435 | Lair:5   | Received a gift from Okawaru
 18025 | Lair:5   | Reached XP level 15. HP: 123/123 MP: 17/17
 18221 | Lair:5   | Found a viscous altar of Jiyva.
 18222 | Lair:5   | Found a staircase to the Slime Pits.
 18269 | Lair:5   | Paralysed by a hornet for 1 turns
 18520 | Lair:5   | Received a gift from Okawaru
 19046 | Lair:5   | Identified the serpent talisman of Ceoseman {rElec Will+}
 19244 | Orc:1    | Entered Level 1 of the Orcish Mines
 19653 | Orc:2    | Entered Level 2 of the Orcish Mines
 19909 | Orc:2    | Noticed Maurice
 19917 | Orc:2    | Killed Maurice
 19917 | Orc:2    | Received a gift from Okawaru
 19954 | Orc:2    | Noticed an orc warlord
 19961 | Orc:2    | Killed an orc warlord
 20259 | Orc:2    | Reached skill level 17 in Ranged Weapons
 20297 | Orc:2    | Found a roughly hewn altar of Beogh.
 20318 | Orc:2    | Found Judgh's Jewellery Shop.
 20337 | Orc:2    | Found a staircase to the Elven Halls.
 20476 | Orc:2    | Found Tearas's Antique Armour Shop.
 20521 | Orc:2    | Noticed Jorgrun
 20528 | Orc:2    | Killed Jorgrun
 20528 | Orc:2    | Received a gift from Okawaru
 20643 | Orc:2    | Found Maathes's General Store.
 20658 | Orc:2    | Found Ruff's Antique Weapon Shop.
 20821 | Orc:1    | Found a roughly hewn altar of Beogh.
 21120 | D:12     | Found a gate leading to a gauntlet.
 21129 | Gauntlet | Entered a Gauntlet
 21129 | Gauntlet | Found a large runed translucent door.
 21129 | Gauntlet | Found a large runed translucent door.
 21129 | Gauntlet | Found a large runed translucent door.
 21129 | Gauntlet | Found a large runed translucent door.
 21129 | Gauntlet | Found a large runed translucent door.
 21129 | Gauntlet | Found a large runed translucent door.
 21129 | Gauntlet | Found a large runed translucent door.
 21129 | Gauntlet | Found a large runed translucent door.
 21129 | Gauntlet | Found a runed translucent door.
 21129 | Gauntlet | Found a runed translucent gate.
 21129 | Gauntlet | Found a transporter.
 21129 | Gauntlet | Found a transporter.
 21129 | Gauntlet | Found a runed translucent gate.
 21129 | Gauntlet | Found a transporter.
 21133 | Gauntlet | Found a transporter.
 21133 | Gauntlet | Found a transporter.
 21134 | Gauntlet | Found a runed translucent gate.
 21134 | Gauntlet | Found a runed translucent door.
 21138 | Gauntlet | Found a large runed translucent door.
 21138 | Gauntlet | Found a large runed translucent door.
 21147 | Gauntlet | Found a transporter.
 21149 | Gauntlet | Found a transporter.
 21157 | Gauntlet | Found a transporter.
 21203 | Gauntlet | Found a large runed translucent door.
 21203 | Gauntlet | Found a large runed translucent door.
 21206 | Gauntlet | Found a large runed translucent door.
 21206 | Gauntlet | Found a large runed translucent door.
 21207 | Gauntlet | Found a large runed translucent door.
 21208 | Gauntlet | Found a large runed translucent door.
 21245 | Gauntlet | Found a transporter.
 21259 | Gauntlet | Found a transporter.
 21263 | Gauntlet | Found a transporter.
 21273 | Gauntlet | Found a transporter.
 21610 | Gauntlet | Identified the +0 pair of boots of Niemoo {Rampage rC+
                  | Int+2}
 21631 | Gauntlet | Identified the +8 dagger of Innocence {protect, rN+ Dex+5}
 22078 | D:12     | Found a runed translucent gate.
 22078 | D:12     | Found a runed translucent gate.
 22078 | D:12     | Found a runed translucent gate.
 22107 | D:12     | Noticed Usettel's ghost (journeyman MDNe)
 22479 | D:13     | Found Etiawnath's Antique Armour Shop.
 22632 | Orc:2    | Bought a Gell's gravitambourine (2/2) for 720 gold pieces
 22648 | Orc:2    | Bought a glowing helmet for 247 gold pieces
 22648 | Orc:2    | Bought a pair of embroidered gloves for 247 gold pieces
 22903 | D:13     | Received a gift from Okawaru
 22904 | D:13     | Reached XP level 16. HP: 120/133 MP: 6/18
 23439 | D:13     | Reached skill level 10 in Evocations
 23557 | D:13     | Got Sif Muna's Anthology of the Flinty Coals
 23559 | D:13     | Identified the +0 scale mail of Kyes {rElec Str+9 Int-5
                  | Stlth-}
 23759 | D:13     | Found a gate to the Vaults.
 23815 | D:13     | Identified the +0 robe "Mude" {Harm rC+}
 24053 | D:14     | Found a broken altar of Ashenzari.
 24176 | D:14     | Received a gift from Okawaru
 24771 | D:15     | Entered Level 15 of the Dungeon
 25453 | D:15     | Found a runed translucent door.
 25520 | D:15     | Received a gift from Okawaru
 25567 | D:15     | Reached skill level 5 in Invocations
 25575 | D:15     | Found a staircase to the Depths.
 26447 | Snake:1  | Reached skill level 18 in Ranged Weapons
 27533 | Snake:2  | Received a gift from Okawaru
 27705 | Snake:2  | Identified the +10 long sword "Athrooc" {flame, *Noise
                  | rElec Int+5}
 27765 | Snake:2  | Reached XP level 17. HP: 131/140 MP: 7/21
 27781 | Snake:2  | Reached skill level 15 in Fighting
 27810 | Snake:2  | Received a gift from Okawaru
 29179 | Snake:3  | Received a gift from Okawaru
 29768 | Snake:4  | Entered Level 4 of the Snake Pit
 29958 | Snake:4  | Received a gift from Okawaru
 30598 | Snake:4  | Found Foasrer's Fabulous Fripperies.
 30606 | Snake:4  | Bought a manual of Fighting for 1040 gold pieces
 30827 | Snake:4  | Reached XP level 18. HP: 151/151 MP: 7/23
 30837 | Snake:4  | Received a gift from Okawaru
 31355 | Snake:4  | Got a serpentine rune of Zot
 31623 | Swamp:1  | Entered Level 1 of the Swamp
 31751 | Swamp:1  | Paralysed by a hornet for 3 turns
 31753 | Swamp:1  | HP: 7/153 [spriggan rider/+0 spear (11)]
 31753 | Swamp:1  | HP: 3/153 [hornet[a shambling mangrove] (4)]
 31753 | Swamp:1  | Mangled by a hornet

Illustrated notes

Levels and vault maps discovered:
D:1:      dpeg_arrival_brainrot, layout_basic, minmay_misc_feat_encased
D:2:      layout_rooms, serial_shops, shop, shapermc_ecumenical_altar_gd,
          uniq_robin
D:3:      layout_basic, mainiacjoe_overflow_alcove_1, serial_shops,
          nicolae_shop_statue_plus
D:4:      layout_rooms, gup_sewer_entry_glass, nicolae_eternal_life,
          serial_bayou_crossing
D:5:      layout_loops_corners, mainiacjoe_overflow_tiny_flanked,
          solitary_fountain, dreamdust_mushroom_princess,
          kennysheep_generic_room_15, uniq_grinder
D:6:      layout_basic, nicolae_qazlal_scattered_showers, grunt_decor_fettered,
          nicolae_shop_overcharged_wands, uniq_maggie
D:7:      layout_basic, temple_doors_e
D:8:      layout_loops_cross, mainiacjoe_overflow_chevrons,
          biasface_ghost_orc_armoury, st_stairs_9
D:9:      layout_basic, mainiacjoe_overflow_big_doors
D:10:     layout_roguey, lair_entry_dummy, uniq_harold
D:11:     layout_basic, orc_david_3, uniq_gastronok, uniq_nergalle, uniq_erolcha
D:12:     layout_long_grid, gammafunk_ghost_hydra_chop, gauntlet_entry_generic
D:13:     kennysheep_four_of_diamonds, layout_irregular_city, serial_shops,
          nicolae_shop_window_shopping
D:14:     layout_loops_corners, nicolae_ashenzari_skybound,
          hangedman_abyss_or_decor_clamps
D:15:     grunt_enter_depths_magical_seal, layout_long_grid, minmay_crystal_box
Temple:   nicolae_temple_bog_church
Lair:1:   layout_regular_city, columned_hall_lemuel, pdpol_lair_cavern_descent,
          serial_bayou_shore_a, grunt_megastairs_4
Lair:2:   layout_chaotic_city, lightli_volcano_entry_magma_tube, minivault_24,
          ice2_lemuel, grunt_megastairs_1
Lair:3:   layout_regular_city, skrybe_swamp_entry_bodies,
          guppyfry_snake_entry_garden, gammafunk_ghost_hive,
          grunt_forest_small_clearing_treed
Lair:4:   layout_gridlike
Lair:5:   wormcave, layout_hall_layers, hangedman_lair_tendril_chambers,
          slime_entry_2
Swamp:1:  layout_basic_swamp, portal_ice_cave_entry_ugly_swarm,
          hangedman_swamp_ruin_hall, swamp_pool_3,
          nicolae_swamp_frolicking_bunyips, infiniplex_staircase_pool,
          uniq_kirke
Snake:1:  layout_chambers, grunt_ministairs_8
Snake:2:  layout_misc_corridors, nicolae_snake_magic_snake_eye
Snake:3:  layout_misc_corridors
Snake:4:  snake_hunt, layout_basic, nicolae_alphabet_shops,
          nicolae_triple_integral
Orc:1:    layout_caves, basic_altar, guppyfry_library_mini
Orc:2:    grunt_orc_cross, layout_diamond_mine, uniq_maurice, uniq_jorgrun

Skill      XL: |  1  2  3  4  5  6  7  8  9 10 11 12 13 14 15 16 17 18 |
---------------+-------------------------------------------------------+-----
Ranged Weapons | 4 5 6 7 8 9 10 11 13 14 16 17 18 | 18.0
Dodging        | 3 5 6 8 9 10 11 12 13 14 | 14.8
Fighting       | 4 5 7 9 10 11 13 14 15 16 | 16.5
Evocations     | 2 5 8 9 11 13 14 | 14.0
Invocations    | 2 3 5 7 8 |  8.1
Stealth        | |  0.7

Action                     |  1- 3 |  4- 6 |  7- 9 | 10-12 | 13-15 | 16-18 || total
---------------------------+-------+-------+-------+-------+-------+-------++-------
  Melee: Sling             |       |       |       |    12 |       |       ||    12
   Fire: Sling             |   160 |   394 |   616 |  1128 |   727 |       ||  3025
         Hand cannon       |       |       |       |    74 |  1159 |  1422 ||  2655
  Throw: Dart              |       |       |       |    10 |       |       ||    10
 Invoke: Heroism           |       |       |       |     1 |     1 |       ||     2
         Receive Weapon    |       |       |       |     1 |       |       ||     1
         Receive Armour    |       |       |       |     1 |       |       ||     1
Ability: Invent Gizmo      |       |       |       |       |     1 |       ||     1
  Evoke: Wand              |       |       |       |     8 |       |     1 ||     9
         Lightning rod     |       |       |       |     3 |       |       ||     3
    Use: Scroll            |       |    12 |     5 |     6 |     9 |     7 ||    39
         Potion            |       |       |       |     3 |     1 |       ||     4
 Armour: Steam dragon scal |     3 |    60 |    38 |   125 |   218 |    39 ||   483
         Leather armour    |       |       |       |       |       |   144 ||   144
  Dodge: Dodged            |     9 |    60 |    41 |   155 |   418 |   246 ||   929
         Repelled          |       |       |       |       |    10 |    53 ||    63

Table legend: (Time is in decaauts)
 A = Elapsed time spent in this place.
 B = Non-inter-level travel time spent in this place.
 C = Inter-level travel time spent in this place.
 D = Time resting spent in this place.
 E = Time spent auto-exploring this place.
 F = Levels seen in this place.
 G = Mean time per level.
                   A        B        C        D        E       F      G
               +--------+--------+--------+--------+--------+-----+--------+
         Total |  31972 |  29277 |   2695 |   6123 |  15455 |  30 | 1065.7 |
       Dungeon |  15117 |  13801 |   1316 |   1775 |   9611 |  15 | 1007.8 |
        Temple |     21 |     12 |      9 |      0 |      0 |   1 |   21.0 |
          Lair |   8127 |   7378 |    749 |   1898 |   2939 |   5 | 1625.4 |
         Swamp |     17 |     17 |      0 |      0 |      0 |   1 |   17.0 |
     Snake Pit |   5432 |   5105 |    327 |   1678 |   1871 |   4 | 1358.0 |
  Orcish Mines |   1894 |   1601 |    293 |    302 |    792 |   2 |  947.0 |
         Sewer |    815 |    815 |      0 |    271 |    106 |   1 |  815.0 |
      Gauntlet |    544 |    544 |      0 |    198 |    136 |   1 |  544.0 |
               +--------+--------+--------+--------+--------+-----+--------+

Top non-repeatable levels by time:
  Lair:5: 2503 daAuts
 Snake:2: 1993 daAuts
  Lair:3: 1730 daAuts
  Lair:1: 1590 daAuts
     D:7: 1407 daAuts
    D:11: 1389 daAuts
 Snake:1: 1380 daAuts
    D:13: 1370 daAuts
   Orc:2: 1335 daAuts
  Lair:2: 1306 daAuts
 Snake:4: 1225 daAuts
    D:10: 1158 daAuts
     D:5: 1129 daAuts
  Lair:4: 997 daAuts
    D:12: 981 daAuts
